 Dungeon Crawl Stone Soup version 0.32-a0-616-g9348d4545b (webtiles) character file.

Game seed: 5344025054412605923

5742 meatmacerator the Grappler (level 10, -11/63 HPs)
             Began as an Octopode Fighter on Mar 6, 2024.
             Mangled by Vadun's ghost (14 damage)
             ... on level 8 of the Dungeon.
             The game lasted 00:09:10 (7935 turns).

meatmacerator the Grappler (Octopode Fighter)       Turns: 7935, Time: 00:09:11

Health: -11/63     AC:  1    Str: 17 (19) XL:     10   Next: 77%
Magic:  10/10      EV: 22    Int:  9 (12) God:
Gold:   442        SH: 12    Dex: 16 (17) Spells: 9/9 levels left

rFire   + .          .
                       - Unarmed
rCold   + . .        a - +1 buckler
rNeg    . . .        (helmet restricted)
rPois   +            u - amulet of reflection
rElec   +            h - +5 ring of evasion
rCorr   +            m - +6 ring of dexterity
SInv    .            x - ring of resist corrosion
Will    .....        (no ring)
Stlth   +++          (no ring)
HPRegen 0.30/turn    (no ring)
MPRegen 0.12/turn    (no ring)
                     (no ring)

%: reflection
@: resistant
A: almost no armour, amphibious, 8 rings, camouflage 1, gelatinous body 1,
(nimble swimmer 1), tentacles
a: no special abilities


You were on level 8 of the Dungeon.
You visited 2 branches of the dungeon, and saw 9 of its levels.
You also visited: Sewer and Bailey.

You collected 442 gold pieces.

Inventory:

Armour
 a - a +1 buckler (worn)
Jewellery
 e - a ring of ice
 h - a +5 ring of evasion (left tentacle)
 m - a +6 ring of dexterity (right tentacle)
 s - an amulet of faith
 u - an amulet of reflection (around mantle)
 x - a ring of resist corrosion (on tentacle)
 y - a +6 ring of intelligence
Wands
 r - a wand of mindburst (25)
 w - a wand of roots (29)
 A - a wand of flame (17)
Scrolls
 f - 3 scrolls of identify
 g - 9 scrolls of teleportation
 k - 3 scrolls of immolation
 t - a scroll of enchant weapon
 v - 2 scrolls of amnesia
Potions
 b - a potion of might
 c - 2 potions of attraction
 d - 5 potions of curing {unknown}
 i - a potion of enlightenment {unknown}
 j - 3 potions of heal wounds
 l - a potion of haste {unknown}
 n - 4 potions of invisibility
 o - 2 potions of brilliance {unknown}
 p - a potion of resistance
 z - a potion of mutation {unknown}


   Skills:
 + Level 4.0 Fighting
 * Level 8.0 Dodging
 - Level 3.0 Stealth
 + Level 6.0 Shields
 * Level 12.5 Unarmed Combat


You had 9 spell levels left.
You didn't know any spells.
Your spell library was empty.

Dungeon Overview and Level Annotations

Branches:
Dungeon (8/15)             Temple (1/1) D:6           Sewer (visited)
 Bailey (visited)
   Lair: D:8-11

Altars:
Ashenzari
Dithmenos
Elyvilon
Fedhas
Kikubaaqudgha
Makhleb
Nemelex Xobeh
Okawaru
Qazlal
Ru
Sif Muna
Trog
Vehumet
Xom
Yredelemnul
Zin
The Shining One

Shops:
D:1 [

Annotations:
D:8 Vadun's ghost, novice TeMo; pokeman's ghost, novice DEHW


Innate Abilities, Weirdness & Mutations

You cannot wear most types of armour.
You are amphibious.
You can wear up to eight rings at the same time.
Your skin changes colour to match your surroundings (Stealth+).
Your rubbery body absorbs attacks. (AC +1, EV +1)
((You are camouflaged when in or above water. (Stealth+)))
You have tentacles for arms and can constrict up to eight enemies at once.


Message History

You block Vadun's ghost's attack.
You closely miss Vadun's ghost.
You squeeze Vadun's ghost, but do no damage.
Vadun's ghost is almost destroyed.
Vadun's ghost hits you.
You closely miss Vadun's ghost.
Your tentacle-slap misses Vadun's ghost.
Vadun's ghost is almost destroyed.
Vadun's ghost hits you!
* * * LOW HITPOINT WARNING * * *
You tentacle-slap Vadun's ghost.
You tentacle-slap Vadun's ghost, but do no damage.
Vadun's ghost is almost destroyed.
You completely miss Vadun's ghost.
You squeeze Vadun's ghost, but do no damage.
Vadun's ghost is almost destroyed.
You block Vadun's ghost's attack.
You barely miss Vadun's ghost.
Your tentacle-slap misses Vadun's ghost.
Vadun's ghost is almost destroyed.
You block Vadun's ghost's attack.
You tentacle-slap Vadun's ghost.
You squeeze Vadun's ghost, but do no damage.
Vadun's ghost is almost destroyed.
Vadun's ghost hits you but does no damage.
You tentacle-slap Vadun's ghost but do no damage.
Your squeeze misses Vadun's ghost.
Vadun's ghost is almost destroyed.
Vadun's ghost hits you!
* * * LOW HITPOINT WARNING * * *
You tentacle-slap Vadun's ghost but do no damage.
Vadun's ghost is almost destroyed.
You tentacle-slap Vadun's ghost but do no damage.
Vadun's ghost is almost destroyed.
You block Vadun's ghost's attack.
You tentacle-slap Vadun's ghost but do no damage.
You tentacle-slap Vadun's ghost.
Vadun's ghost is almost destroyed.
Vadun's ghost hits you!
You die...

###..........<..###.####...##
###..................# #####
............#........#
###.........#.......## #
#####..##........##[♣⌠♣)## #
#..#####....##ß.....ß## ##
#..# ###.##........$# .##
##.# #.##♣.......♣# ..## #.#
#@##⌠.......⌠# #..## ### #W#
♣WW.....♣ ##..# #.#####'''###
###.# #...#.......# .#..#
###.........# .#..#
##.....#### #.### ####### ###


You could see Vadun's ghost.

Vanquished Creatures
  A two-headed ogre (D:7)
  Pikel (D:5)
  An orc knight (Bailey)
  Maggie (D:6)
  A hornet (D:7)
  Sigmund (D:6)
  3 wyverns
  A steam dragon (D:8)
  Edmund (D:4)
  2 water moccasins
  5 orc warriors
  2 sky beasts (D:6)
  3 black bears
  An ogre (D:4)
  A centaur (D:8)
  3 lemures
  Blork the orc (D:4)
  2 brain worms (Sewer)
  4 kobold brigands
  A bullfrog (D:7)
  2 scorpions
  A vampire bat (D:8)
  4 bombardier beetles
  2 jellies
  A gnoll bouda (D:6)
  4 orc priests
  4 hounds
  A sleepcap (D:5)
  Terence (D:3)
  An orc wizard (D:8)
  2 iguanas
  14 adders
  9 gnolls
  3 river rats (Sewer)
  A shadow imp (D:6)
  A white imp (D:6)
  A dart slug (D:4)
  4 ribbon worms
  19 orcs
  10 ball pythons
  4 endoplasms
  6 giant cockroaches
  6 goblins
  12 hobgoblins
  8 jackals
  17 kobolds
  4 quokkas
  15 bats
  10 frilled lizards
  10 rats
213 creatures vanquished.

Notes
Turn   | Place    | Note
-------+----------+-------------------------------------------
     0 | D:1      | meatmacerator the Octopode Fighter began the quest for the
                  | Orb.
     0 | D:1      | Reached XP level 1. HP: 16/16 MP: 1/1
   101 | D:1      | Reached XP level 2. HP: 17/21 MP: 2/2
   122 | D:1      | Found Wyshroumm's Armour Boutique.
   414 | D:1      | Reached XP level 3. HP: 15/26 MP: 3/3
   906 | D:2      | Reached XP level 4. HP: 31/31 MP: 4/4
  1162 | D:2      | Reached skill level 3 in Unarmed Combat
  1506 | D:2      | Found a faded altar of an unknown god.
  1645 | D:3      | Noticed Terence
  1653 | D:3      | Killed Terence
  1654 | D:3      | Reached XP level 5. HP: 31/36 MP: 5/5
  1689 | D:3      | Reached skill level 1 in Stealth
  2234 | D:4      | Noticed an ogre
  2240 | D:4      | Killed an ogre
  2241 | D:4      | Reached skill level 4 in Unarmed Combat
  2241 | D:4      | Reached XP level 6. HP: 42/42 MP: 6/6
  2340 | D:4      | Found a bloodstained altar of Trog.
  2343 | D:4      | Found a blossoming altar of Fedhas.
  2368 | D:4      | Noticed a black bear
  2377 | D:4      | Killed a black bear
  2445 | D:4      | Found a glowing drain.
  2449 | Sewer    | Entered a sewer
  2504 | Sewer    | Reached skill level 5 in Dodging
  2504 | Sewer    | Reached skill level 5 in Unarmed Combat
  2504 | Sewer    | Reached XP level 7. HP: 36/46 MP: 7/7
  2801 | Sewer    | Reached skill level 6 in Unarmed Combat
  3107 | D:4      | Noticed Blork the orc
  3116 | D:4      | Killed Blork the orc
  3342 | D:4      | Reached XP level 8. HP: 52/52 MP: 8/8
  3554 | D:4      | Found a glowing golden altar of the Shining One.
  3610 | D:4      | Reached skill level 7 in Unarmed Combat
  3691 | D:4      | Noticed Edmund
  3710 | D:4      | Killed Edmund
  3872 | D:5      | Entered Level 5 of the Dungeon
  3876 | D:5      | Noticed Pikel
  4041 | D:5      | Killed Pikel
  4042 | D:5      | Reached skill level 8 in Unarmed Combat
  4369 | D:5      | Reached skill level 9 in Unarmed Combat
  4457 | D:5      | Reached XP level 9. HP: 51/58 MP: 9/9
  4760 | D:6      | Found a staircase to the Ecumenical Temple.
  4772 | Temple   | Entered the Ecumenical Temple
  5022 | D:6      | Noticed Sigmund
  5032 | D:6      | Killed Sigmund
  5142 | D:6      | Noticed Maggie
  5151 | D:6      | Killed Maggie
  5152 | D:6      | Reached skill level 10 in Unarmed Combat
  5459 | D:6      | Found a sacrificial altar of Ru.
  5577 | D:7      | Noticed a hornet
  5582 | D:7      | Paralysed by a hornet for 2 turns
  5587 | D:7      | Killed a hornet
  5591 | D:7      | Reached skill level 11 in Unarmed Combat
  6024 | D:7      | Noticed a two-headed ogre
  6038 | D:7      | Killed a two-headed ogre
  6039 | D:7      | Reached XP level 10. HP: 37/63 MP: 10/10
  6229 | D:7      | Reached skill level 5 in Shields
  6836 | D:8      | Found a flagged portal.
  6858 | Bailey   | Entered a bailey
  7025 | Bailey   | Noticed an orc knight
  7041 | Bailey   | Killed an orc knight
  7042 | Bailey   | Reached skill level 12 in Unarmed Combat
  7116 | Bailey   | Identified the +1 ice dragon scales "Xailih" {rElec rF-
                  | rC++ Dex+3}
  7670 | D:8      | Found a runed translucent gate.
  7670 | D:8      | Found a runed translucent gate.
  7670 | D:8      | Found a runed translucent gate.
  7670 | D:8      | Noticed pokeman's ghost (novice DEHW)
  7671 | D:8      | Noticed Vadun's ghost (novice TeMo)
  7932 | D:8      | HP: 2/63 [Vadun's ghost (12)]
  7935 | D:8      | Mangled by Vadun's ghost

Illustrated notes

Levels and vault maps discovered:
D:1:      minmay_arrival_four_loops, layout_rooms, serial_glass,
          glass_columns_a, glass_columns_a, serial_shops,
          nicolae_shop_back_alley_shop, hex_medium, serial_bayou_lagoon_a
D:2:      minmay_angry_zag, layout_basic, dilly_ecumenical_altar_fadedgnrine
D:3:      layout_basic, kennysheep_generic_room_6, uniq_terence
D:4:      layout_gridville, nicolae_overflow_squiral,
          mainiacjoe_overflow_small_starburst, gup_sewer_entry_bowl,
          uniq_edmund, uniq_blork_the_orc
D:5:      layout_loops_ring, small_statue_intersection, uniq_pikel
D:6:      layout_basic, mainiacjoe_overflow_catwalk,
          minmay_temple_entry_overgrown, st_stairs_2, sigmund_army, uniq_maggie
D:7:      layout_basic, roderic_serpentine_path
D:8:      layout_rooms, enter_bailey_6, gammafunk_ghost_cemetery,
          grunt_decor_resistance, roderic_batcave
Temple:   dshaligram_water_room_temple

Skill      XL: |  1  2  3  4  5  6  7  8  9 10 |
---------------+-------------------------------+-----
Dodging        | 4 5 6 7 8 |  8.0
Unarmed Combat | 3 4 5 6 9 11 12 | 12.5
Stealth        | 1 2 3 |  3.0
Shields        | 4 6 |  6.0
Fighting       | 4 |  4.0

Action                     |  1- 3 |  4- 6 |  7- 9 | 10-12 || total
---------------------------+-------+-------+-------+-------++-------
  Melee: Unarmed           |    76 |   103 |   249 |   152 ||   580
         Constrict         |    24 |    29 |    56 |    27 ||   136
         Tentacles         |    14 |    30 |    72 |    45 ||   161
         Punch             |     1 |     1 |    21 |    19 ||    42
    Use: Scroll            |     5 |     1 |     9 |       ||    15
         Potion            |       |       |     1 |     3 ||     4
   Stab: Sleeping          |     3 |     7 |    15 |     4 ||    29
 Armour: Skin              |    45 |    30 |    53 |    28 ||   156
  Dodge: Dodged            |    59 |    61 |   124 |    75 ||   319
  Block: Buckler           |    13 |    28 |    68 |    85 ||   194
         Reflection        |       |       |       |     2 ||     2

Table legend: (Time is in decaauts)
 A = Elapsed time spent in this place.
 B = Non-inter-level travel time spent in this place.
 C = Inter-level travel time spent in this place.
 D = Time resting spent in this place.
 E = Time spent auto-exploring this place.
 F = Levels seen in this place.
 G = Mean time per level.
                   A        B        C        D        E       F      G
               +--------+--------+--------+--------+--------+-----+--------+
         Total |   7877 |   7701 |    176 |    376 |   5660 |  11 |  716.1 |
       Dungeon |   6768 |   6592 |    176 |    176 |   5110 |   8 |  846.0 |
        Temple |      5 |      5 |      0 |      0 |      0 |   1 |    5.0 |
         Sewer |    589 |    589 |      0 |      0 |    369 |   1 |  589.0 |
        Bailey |    513 |    513 |      0 |    200 |    181 |   1 |  513.0 |
               +--------+--------+--------+--------+--------+-----+--------+

Top non-repeatable levels by time:
     D:7: 1214 daAuts
     D:4: 1172 daAuts
     D:2: 1015 daAuts
     D:6: 887 daAuts
     D:5: 658 daAuts
     D:1: 628 daAuts
     D:8: 604 daAuts
   Sewer: 589 daAuts
     D:3: 588 daAuts
  Bailey: 513 daAuts
  Temple: 5 daAuts
